| TOP OF THE 1ST |
|
West Michigan Whitecaps batting - Pitching for Delmarva Shorebirds : RHP Jose Rico
|
|
Pitching: RHP Jose Rico
|
|
|
Batting: LHB Jeff Trapp
|
0-0: Ball 1-0: Ball 2-0: Ball 3-0: Base on Balls
|
|
Batting: LHB Gabe Mendez
|
0-0: Foul Ball, location: 2F 0-1: Ball 1-1: Swinging Strike 1-2: Ball 2-2: Ball Wild Pitch! Jeff Trapp to second 3-2: SINGLE (Groundball, 34D, EV 93.8 MPH) Jeff Trapp to third
|
|
Batting: RHB Jon Pierce
|
0-0: Ball 1-0: Ball 2-0: Foul Ball, location: 2F 2-1: Foul Ball, location: 2F 2-2: Strikes out swinging
|
|
Batting: RHB Victor Reyes
|
0-0: Ball 1-0: Ball 2-0: Called Strike 2-1: Fielders Choice at 2nd, 6-4 (Groundball, 6S, EV 76.9 MPH) Jeff Trapp scores
|
|
Batting: RHB Sergio Valbuena
|
0-0: Ball 1-0: Called Strike 1-1: Called Strike 1-2: 2-RUN HOME RUN (Flyball, 78XD, EV 111.2 MPH), Distance : 419 ft
|
|
Pitching: RHP Brian Tarver
|
|
|
Batting: RHB Mike Patterson
|
0-0: Fly out, F8 (Line Drive, 8LM, EV 85.0 MPH)
|
| Top of the 1st over - 3 runs, 2 hits, 0 errors, 0 left on base; West Michigan 3 - Delmarva 0 |
| BOTTOM OF THE 1ST |
|
Delmarva Shorebirds batting - Pitching for West Michigan Whitecaps : RHP Jared Barger
|
|
Pitching: RHP Jared Barger
|
|
|
Batting: RHB Michel Kamphuis
|
0-0: Foul Ball, location: 2F 0-1: Swinging Strike 0-2: Ball 1-2: Ball 2-2: Ground out U3 (Groundball, 3, EV 77.5 MPH)
|
|
Batting: LHB Andrew Erens
|
0-0: Called Strike 0-1: Ball 1-1: Ball 2-1: Fly out, F8 (Flyball, 78D, EV 91.2 MPH)
|
|
Batting: RHB Dan Staggs
|
0-0: Called Strike 0-1: Fly out, F7 (Flyball, 7S, EV 85.0 MPH)
|
| Bottom of the 1st over - 0 runs, 0 hits, 0 errors, 0 left on base; West Michigan 3 - Delmarva 0 |
| TOP OF THE 2ND |
|
West Michigan Whitecaps batting - Pitching for Delmarva Shorebirds : RHP Brian Tarver
|
|
Batting: RHB Jordan Hall
|
0-0: Called Strike 0-1: Foul Ball, location: 2F 0-2: Ball 1-2: Foul Ball, location: 2F 1-2: Ground out 4-3 (Groundball, 4, EV 103.1 MPH)
|
|
Batting: RHB Travis Newton
|
0-0: Ball 1-0: Foul Ball, location: 2F 1-1: Ball 2-1: Ball 3-1: Base on Balls
|
|
Batting: RHB Rocky Hart
|
0-0: Ball 1-0: Ball 2-0: Fielders Choice at 2nd, 5-4 (Groundball, 56, EV 101.2 MPH)
|
|
Batting: LHB Jeff Trapp
|
0-0: Called Strike 0-1: Foul Ball, location: 2F 0-2: Ball 1-2: Strikes out swinging
|
| Top of the 2nd over - 0 runs, 0 hits, 0 errors, 1 left on base; West Michigan 3 - Delmarva 0 |
| BOTTOM OF THE 2ND |
|
Delmarva Shorebirds batting - Pitching for West Michigan Whitecaps : RHP Jared Barger
|
|
Batting: LHB Raul Rojas
|
0-0: Ball 1-0: Ground out 1-3 (Groundball, P, EV 65.0 MPH)
|
|
Batting: RHB Alex Jacobo
|
0-0: Ball 1-0: Called Strike 1-1: Swinging Strike 1-2: Ball 2-2: DOUBLE (Line Drive, 89XD, EV 105.6 MPH)
|
|
Batting: RHB Willie Manrique
|
0-0: Called Strike 0-1: Foul Ball, location: 2F 0-2: Foul Ball, location: 2F 0-2: Ball 1-2: Ball 2-2: Ball 3-2: DOUBLE (Flyball, 8RXD, EV 97.5 MPH) Alex Jacobo scores
|
|
Batting: LHB Momoru Yasui
|
0-0: Foul Ball, location: 2F 0-1: Foul Ball, location: 2F 0-2: Ground out 4-3 (Groundball, 4, EV 75.6 MPH) Willie Manrique to third
|
|
Batting: RHB Jon Zimmerman
|
0-0: Called Strike 0-1: Ball 1-1: Ball 2-1: Foul Ball, location: 2F 2-2: Ball 3-2: Ground out 6-3 (Groundball, 6, EV 100.6 MPH)
|
| Bottom of the 2nd over - 1 run, 2 hits, 0 errors, 1 left on base; West Michigan 3 - Delmarva 1 |
| TOP OF THE 3RD |
|
West Michigan Whitecaps batting - Pitching for Delmarva Shorebirds : RHP Brian Tarver
|
|
Batting: LHB Gabe Mendez
|
0-0: Ball 1-0: Fly out, F7 (Flyball, 78S, EV 97.5 MPH)
|
|
Batting: RHB Jon Pierce
|
0-0: Foul Ball, location: 2F 0-1: Foul Ball, location: 2F 0-2: Ball 1-2: Ball 2-2: Strikes out swinging
|
|
Batting: RHB Victor Reyes
|
0-0: Foul Ball, location: 2F 0-1: Ground out 5-3 (Groundball, 56S, EV 81.2 MPH)
|
| Top of the 3rd over - 0 runs, 0 hits, 0 errors, 0 left on base; West Michigan 3 - Delmarva 1 |
| BOTTOM OF THE 3RD |
|
Delmarva Shorebirds batting - Pitching for West Michigan Whitecaps : RHP Jared Barger
|
|
Batting: RHB Julio Ehm
|
0-0: Ball 1-0: Foul Ball, location: 2F 1-1: Foul Ball, location: 2F 1-2: Foul Ball, location: 2F 1-2: Ball 2-2: Ball 3-2: Base on Balls
|
|
Batting: RHB Michel Kamphuis
|
0-0: Foul Ball, location: 2F 0-1: 2-RUN HOME RUN (Flyball, 7LD, EV 93.8 MPH), Distance : 342 ft
|
|
Batting: LHB Andrew Erens
|
0-0: Fly out, F7 (Line Drive, 7D, EV 98.8 MPH)
|
|
Batting: RHB Dan Staggs
|
0-0: SINGLE (Flyball, 5D, EV 96.9 MPH)
|
|
Batting: LHB Raul Rojas
|
0-0: Called Strike 0-1: SINGLE (Groundball, 6MD, EV 108.1 MPH) Dan Staggs to second
|
|
Batting: RHB Alex Jacobo
|
0-0: Foul Ball, location: 2F 0-1: Foul Ball, location: 2F 0-2: Strikes out swinging
|
|
Batting: RHB Willie Manrique
|
0-0: Called Strike 0-1: Fielders Choice at 2nd, 5-4 (Groundball, 56, EV 83.8 MPH)
|
| Bottom of the 3rd over - 2 runs, 3 hits, 0 errors, 2 left on base; West Michigan 3 - Delmarva 3 |
| TOP OF THE 4TH |
|
West Michigan Whitecaps batting - Pitching for Delmarva Shorebirds : RHP Brian Tarver
|
|
Batting: RHB Sergio Valbuena
|
0-0: Called Strike 0-1: Ball 1-1: Ball 2-1: Called Strike 2-2: Strikes out looking
|
|
Batting: RHB Mike Patterson
|
0-0: Swinging Strike 0-1: Foul Ball, location: 2F 0-2: Ball 1-2: Ground out 6-3 (Groundball, 6, EV 89.4 MPH)
|
|
Batting: RHB Jordan Hall
|
0-0: Called Strike 0-1: Ball 1-1: Ball 2-1: Ball 3-1: Foul Ball, location: 2F 3-2: Strikes out looking
|
| Top of the 4th over - 0 runs, 0 hits, 0 errors, 0 left on base; West Michigan 3 - Delmarva 3 |
| BOTTOM OF THE 4TH |
|
Delmarva Shorebirds batting - Pitching for West Michigan Whitecaps : RHP Jared Barger
|
|
Batting: LHB Momoru Yasui
|
0-0: Ball 1-0: Ball 2-0: Called Strike 2-1: SINGLE (Groundball, 4MD, EV 101.2 MPH) (infield hit)
|
|
Batting: RHB Jon Zimmerman
|
0-0: Called Strike 0-1: Foul Ball, location: 2F 0-2: Ball 1-2: Fly out, F7 (Flyball, 7LS, EV 82.5 MPH)
|
|
Batting: RHB Julio Ehm
|
0-0: Ball 1-0: Called Strike Momoru Yasui steals 2nd, throwing error, E2 Momoru Yasui to third 1-1: Called Strike 1-2: SINGLE (Line Drive, 9S, EV 107.5 MPH) Momoru Yasui scores
|
|
Batting: RHB Michel Kamphuis
|
0-0: Foul Ball, location: 2F 0-1: Swinging Strike 0-2: Ball 1-2: Ball 2-2: Foul Ball, location: 2F 2-2: Ball 3-2: Base on Balls Julio Ehm to second
|
|
Batting: LHB Andrew Erens
|
0-0: Ball Wild Pitch! Julio Ehm to third Michel Kamphuis to second 1-0: Foul Ball, location: 2F 1-1: Ball 2-1: Foul Ball, location: 2F 2-2: Foul Ball, location: 2F 2-2: Foul Ball, location: 2F 2-2: Foul Ball, location: 2F 2-2: Foul Ball, location: 2F 2-2: SINGLE (Groundball, 34D, EV 102.5 MPH) Julio Ehm scores Michel Kamphuis to third Runner from 3rd tries for Home, SAFE, throw by RF to home
|
|
Pitching: RHP Dave Frazier
|
|
|
Batting: RHB Dan Staggs
|
0-0: Ball 1-0: SINGLE (Groundball, 6D, EV 95.6 MPH) Andrew Erens to second
|
|
Batting: LHB Raul Rojas
|
0-0: SINGLE (Line Drive, 89S, EV 86.2 MPH) Andrew Erens to third Dan Staggs to second Runner from 3rd tries for Home, SAFE, throw by RF to home
|
|
Batting: RHB Alex Jacobo
|
0-0: Ball 1-0: Ball 2-0: Foul Ball, location: 2F 2-1: Foul Ball, location: 2F 2-2: SINGLE (Line Drive, 8LS, EV 110.0 MPH) Dan Staggs to third Raul Rojas to second Runner from 3rd tries for Home, SAFE, throw by LF to home
|
|
Batting: RHB Willie Manrique
|
0-0: Ball 1-0: Foul Ball, location: 2F 1-1: Ball 2-1: Ball 3-1: Foul Ball, location: 2F 3-2: Fielders Choice at 3rd, U5 (Groundball, 5L, EV 77.5 MPH) Alex Jacobo to second
|
|
Batting: LHB Momoru Yasui
|
0-0: Foul Ball, location: 2F 0-1: Ball 1-1: SINGLE (Line Drive, 78S, EV 101.9 MPH) Alex Jacobo to third Willie Manrique to second Runner from 3rd tries for Home, throw by LF and OUT! 7-2
|
| Bottom of the 4th over - 5 runs, 7 hits, 1 error, 2 left on base; West Michigan 3 - Delmarva 8 |
| TOP OF THE 5TH |
|
West Michigan Whitecaps batting - Pitching for Delmarva Shorebirds : RHP Brian Tarver
|
|
Batting: RHB Travis Newton
|
0-0: Ball 1-0: Ground out 5-3 (Groundball, 56D, EV 86.9 MPH)
|
|
Batting: RHB Rocky Hart
|
0-0: Ball 1-0: Called Strike 1-1: Foul Ball, location: 2F 1-2: Ball 2-2: TRIPLE (Flyball, 78XD, EV 94.4 MPH)
|
|
Pitching: LHP Eric Bice
|
|
|
Batting: LHB Jeff Trapp
|
0-0: Called Strike Steal of home, Rocky Hart is out 0-1: Foul Ball, location: 2F 0-2: Ball 1-2: Strikes out swinging
|
| Top of the 5th over - 0 runs, 1 hit, 0 errors, 0 left on base; West Michigan 3 - Delmarva 8 |
| BOTTOM OF THE 5TH |
|
Delmarva Shorebirds batting - Pitching for West Michigan Whitecaps : RHP Dave Frazier
|
|
Batting: RHB Jon Zimmerman
|
0-0: Called Strike 0-1: Ball 1-1: Fly out, F7 (Flyball, 7LS, EV 93.8 MPH)
|
|
Batting: RHB Julio Ehm
|
0-0: Ball 1-0: Ball 2-0: Ball 3-0: Base on Balls
|
|
Batting: RHB Michel Kamphuis
|
0-0: Fly out, F9 (Flyball, 9S, EV 80.0 MPH)
|
|
Batting: LHB Andrew Erens
|
0-0: Ball 1-0: Called Strike 1-1: Ball 2-1: Foul Ball, location: 2F 2-2: Foul Ball, location: 2F 2-2: Ball 3-2: Base on Balls Julio Ehm to second
|
|
Batting: RHB Dan Staggs
|
0-0: Ball 1-0: Foul Ball, location: 2F 1-1: Foul Ball, location: 2F 1-2: Ground out U3 (Groundball, 34S, EV 78.1 MPH)
|
| Bottom of the 5th over - 0 runs, 0 hits, 0 errors, 2 left on base; West Michigan 3 - Delmarva 8 |
| TOP OF THE 6TH |
|
West Michigan Whitecaps batting - Pitching for Delmarva Shorebirds : LHP Eric Bice
|
|
Batting: LHB Gabe Mendez
|
0-0: Ball 1-0: Called Strike 1-1: Ball 2-1: Foul Ball, location: 2F 2-2: Strikes out swinging
|
|
Batting: RHB Jon Pierce
|
0-0: Fly out, F8 (Line Drive, 8LM, EV 106.2 MPH)
|
|
Batting: RHB Victor Reyes
|
0-0: Hit by Pitch
|
|
Batting: RHB Sergio Valbuena
|
0-0: Ball 1-0: Ball 2-0: Swinging Strike 2-1: Ground out 5-3 (Groundball, 56S, EV 71.2 MPH)
|
| Top of the 6th over - 0 runs, 0 hits, 0 errors, 1 left on base; West Michigan 3 - Delmarva 8 |
| BOTTOM OF THE 6TH |
|
Delmarva Shorebirds batting - Pitching for West Michigan Whitecaps : RHP Dave Frazier
|
|
Batting: LHB Raul Rojas
|
0-0: SOLO HOME RUN (Flyball, 8LXD, EV 105.0 MPH), Distance : 437 ft
|
|
Batting: RHB Alex Jacobo
|
0-0: Ball 1-0: Called Strike 1-1: Foul Ball, location: 2F 1-2: Ground out 4-3 (Groundball, 4, EV 82.5 MPH)
|
|
Batting: RHB Willie Manrique
|
0-0: Called Strike 0-1: Ball 1-1: Fly out, F7 (Flyball, 78M, EV 89.4 MPH)
|
|
Batting: LHB Momoru Yasui
|
0-0: Ball 1-0: Ball 2-0: Ball 3-0: Called Strike 3-1: Base on Balls
|
|
Batting: RHB Jon Zimmerman
|
0-0: Ball 1-0: Fly out, F8 (Line Drive, 8RD, EV 93.8 MPH)
|
| Bottom of the 6th over - 1 run, 1 hit, 0 errors, 1 left on base; West Michigan 3 - Delmarva 9 |
| TOP OF THE 7TH |
|
West Michigan Whitecaps batting - Pitching for Delmarva Shorebirds : LHP Eric Bice
|
|
Batting: RHB Mike Patterson
|
0-0: Swinging Strike 0-1: Swinging Strike 0-2: Ball 1-2: Strikes out swinging
|
|
Batting: RHB Jordan Hall
|
0-0: Ball 1-0: Foul Ball, location: 2F 1-1: Ball 2-1: Foul Ball, location: 2F 2-2: Foul Ball, location: 2F 2-2: Ball 3-2: Strikes out looking
|
|
Batting: RHB Travis Newton
|
0-0: Ball 1-0: Called Strike 1-1: Ball 2-1: Called Strike 2-2: Strikes out swinging
|
| Top of the 7th over - 0 runs, 0 hits, 0 errors, 0 left on base; West Michigan 3 - Delmarva 9 |
| BOTTOM OF THE 7TH |
|
Delmarva Shorebirds batting - Pitching for West Michigan Whitecaps : RHP Dave Frazier
|
|
Batting: RHB Julio Ehm
|
0-0: Foul Ball, location: 2F 0-1: Ball 1-1: Swinging Strike 1-2: Strikes out swinging
|
|
Batting: RHB Michel Kamphuis
|
0-0: Ground out 3-1 (Groundball, 34, EV 90.0 MPH)
|
|
Batting: LHB Andrew Erens
|
0-0: SINGLE (Groundball, 4D, EV 102.5 MPH)
|
|
Batting: RHB Dan Staggs
|
0-0: Ball 1-0: Fly out, F8 (Line Drive, 8LM, EV 91.9 MPH)
|
| Bottom of the 7th over - 0 runs, 1 hit, 0 errors, 1 left on base; West Michigan 3 - Delmarva 9 |
| TOP OF THE 8TH |
|
West Michigan Whitecaps batting - Pitching for Delmarva Shorebirds : LHP Eric Bice
|
|
Batting: RHB Rocky Hart
|
0-0: Ball 1-0: Ball 2-0: Called Strike 2-1: Foul Ball, location: 2F 2-2: Ball 3-2: Base on Balls
|
|
Pitching: RHP Mike Brubaker
|
|
|
Batting: LHB Jeff Trapp
|
0-0: Fielders Choice at 2nd, 4-6 (Groundball, 4, EV 91.9 MPH)
|
|
Batting: LHB Gabe Mendez
|
Pickoff Throw to First - Error! E1 Jeff Trapp to second 0-0: Foul Ball, location: 2F 0-1: Ball 1-1: Foul Ball, location: 2F 1-2: Strikes out looking
|
|
Batting: RHB Jon Pierce
|
0-0: Ball 1-0: Ball 2-0: Ground out 4-3 (Groundball, 4, EV 101.2 MPH)
|
| Top of the 8th over - 0 runs, 0 hits, 1 error, 1 left on base; West Michigan 3 - Delmarva 9 |
| BOTTOM OF THE 8TH |
|
Delmarva Shorebirds batting - Pitching for West Michigan Whitecaps : RHP Dave Frazier
|
|
Pitching: LHP Bryan Gagnon
|
|
|
Batting: LHB Raul Rojas
|
0-0: Ball 1-0: Foul Ball, location: 2F 1-1: Ball 2-1: Ball 3-1: Called Strike 3-2: Base on Balls
|
|
Batting: RHB Alex Jacobo
|
0-0: Ball 1-0: Foul Ball, location: 2F 1-1: Ball Passed Ball! Raul Rojas to second 2-1: Ball 3-1: Base on Balls
|
|
Batting: RHB Willie Manrique
|
0-0: Ball 1-0: Ball 2-0: Ball 3-0: Called Strike 3-1: SINGLE (Groundball, 5S, EV 75.6 MPH) (infield hit) Raul Rojas to third Alex Jacobo to second
|
|
Batting: LHB Momoru Yasui
|
0-0: Ball 1-0: Called Strike 1-1: Ball 2-1: Foul Ball, location: 2F 2-2: Fly out, F8 (Flyball, 78D, EV 95.0 MPH) Runner from 3rd tags up, SCORES, throw by CF
|
|
Batting: RHB Jon Zimmerman
|
0-0: Ball 1-0: Ball 2-0: Called Strike 2-1: Foul Ball, location: 2F 2-2: Strikes out swinging
|
|
Batting: RHB Julio Ehm
|
0-0: Called Strike 0-1: Ball 1-1: Foul Ball, location: 2F 1-2: Fielders Choice at 2nd, 5-4 (Groundball, 56, EV 110.0 MPH)
|
| Bottom of the 8th over - 1 run, 1 hit, 0 errors, 2 left on base; West Michigan 3 - Delmarva 10 |
| TOP OF THE 9TH |
|
West Michigan Whitecaps batting - Pitching for Delmarva Shorebirds : RHP Mike Brubaker
|
|
Batting: RHB Victor Reyes
|
0-0: Ball 1-0: Ball 2-0: Called Strike 2-1: Swinging Strike 2-2: Foul Ball, location: 2F 2-2: Strikes out swinging
|
|
Batting: RHB Sergio Valbuena
|
0-0: Ball 1-0: Called Strike 1-1: Called Strike 1-2: Ball 2-2: Foul Ball, location: 2F 2-2: Ground out 5-3 (Groundball, 56S, EV 92.5 MPH)
|
|
Batting: RHB Mike Patterson
|
0-0: Fly out, F7 (Flyball, 7LS, EV 75.6 MPH)
|
| Top of the 9th over - 0 runs, 0 hits, 0 errors, 0 left on base; West Michigan 3 - Delmarva 10 |
|